 Dungeon Crawl Stone Soup version 0.31-a0-325-g067879e3d3 (webtiles) character file.

Game seed: 15022847749279643900

18 lunkers the Insei (level 3, 0/43 HPs)
             Began as a Meteoran Shapeshifter on July 18, 2023.
             Succumbed to an adder's poison
             ... on level 2 of the Dungeon.
             The game lasted 00:01:09 (186 turns).

lunkers the Insei (Meteoran Shapeshifter)            Turns: 186, Time: 00:01:10

Health: 0/43       AC: 21    Str: 16    XL:     3   Next: 8%
Magic:  4/4        EV:  2    Int:  9    God:
Gold:   25         SH:  0    Dex: 17    Spells: 2/2 levels left

rFire   . .          .
                       - Unarmed
rCold   . . .        (no shield)
rNeg    . . .        a - melded +0 animal skin
rPois   +            (helmet currently unavailable)
rElec   .            (cloak currently unavailable)
rCorr   .            (gloves currently unavailable)
SInv    .            (boots currently unavailable)
Will    .....        (no amulet)
Stlth   +            (no ring)
HPRegen 0.27/turn    (no ring)
MPRegen 0.09/turn

%: no passive effects
@: lethally poisoned (0 -> -4), tree-form, attractive, glowing
A: stationary, stasis, torment immunity, boosted hp, sense surroundings 1,
otherworldly, glowing, explore regen
a: no special abilities


You were on level 2 of the Dungeon.
You were a tree.
You visited 1 branch of the dungeon, and saw 2 of its levels.

You collected 25 gold pieces.

Inventory:

Armour
 a - a +0 animal skin (melded)
Talismans
 c - a beast talisman
Scrolls
 d - 2 scrolls of identify {unknown}
 e - a scroll of immolation {unknown}
 f - a scroll of teleportation {unknown}
 h - a scroll of fear {unknown}


   Skills:
 - Level 2.1 Fighting
 - Level 2.4 Dodging
 + Level 3.9 Unarmed Combat
 - Level 3.6 Shapeshifting


You had 2 spell levels left.
You didn't know any spells.
Your spell library was empty.

Dungeon Overview and Level Annotations

Branches:
Dungeon (1/15) Zot: 1015

Altars:


Innate Abilities, Weirdness & Mutations

You are a tree.
Your roots penetrate the ground, keeping you stationary.
You cannot be teleported.
You are immune to unholy pain and torment.
Your maximum health is greatly increased.
Your equipment is partially melded.
You passively map a small area around you.
You are easily found by Zot.
You glow in the dark.
You regain HP and MP as you explore.


Message History

The adder bites you.
* * * LOW HITPOINT WARNING * * *
The adder barely misses you.
You barely miss the adder.
The adder is moderately wounded.
The adder barely misses you.
You hit the adder.
The adder is moderately wounded.
The adder bites you.
* * * LOW HITPOINT WARNING * * *
You are poisoned.
The adder poisons you!
You closely miss the adder. Your punch misses the adder.
The adder is moderately wounded.
You feel sick. The adder bites you.
* * * LOW HITPOINT WARNING * * *
You are lethally poisoned!
The adder poisons you!
You closely miss the adder.
The adder is moderately wounded.
* * * LOW HITPOINT WARNING * * *
You feel sick. The adder closely misses you. x2
You punch the adder!
You kill the adder!
* * * LOW HITPOINT WARNING * * *
You feel sick.
You have reached level 3!
Your experience leads to an increase in your attributes!
Increase (S)trength, (I)ntelligence, or (D)exterity?
You feel agile. x3
It was a potion of attraction.
You feel attractive to monsters.
* * * LOW HITPOINT WARNING * * *
You feel sick.
Really quaff the potion of lignification?
Your transformation has ended.
You turn into a tree.
Your +0 animal skin melds into your body.
Your roots penetrate the ground.
You die...

#........ , * , #........,
....... , , .........
...... + , #........ ,
..... . ,
#.........####...# ###..
#................##.....,,
* #....###..$........... ,
.....# #.....†...# *
.....# *,###P###♣###, ,
.....+ #..P...P..#
.....###.#P#.#P#.#.# ,
.........#.........#, , ,
.........###P###.###,,
##.......#P..P_.PPP# *
##.......###.###.### *
.........#.......).# ,, ,
.........#.#.#.#P#.# , *


There were no monsters in sight!

Vanquished Creatures
  An adder (D:2)
  A dart slug (D:1)
  An orc (D:2)
  A hobgoblin (D:1)
  A kobold (D:2)
  2 rats (D:2)
7 creatures vanquished.

Notes
Turn   | Place    | Note
-------+----------+-------------------------------------------
     0 | D:1      | lunkers the Meteoran Shapeshifter began the quest for the
                  | Orb.
     0 | D:1      | Reached XP level 1. HP: 17/17 MP: 2/2
    52 | D:1      | You fall into a shaft and drop 1 floor!
    66 | D:2      | Reached XP level 2. HP: 24/24 MP: 3/3
   153 | D:2      | Found a faded altar of an unknown god.
   184 | D:2      | HP: 1/24 [poisoned by an adder]
   185 | D:2      | Reached XP level 3. HP: 2/29 MP: 4/4
   186 | D:2      | Succumbed to an adder's poison

Illustrated notes

Levels and vault maps discovered:
D:1:      erik_arrival_orb_chamber, layout_basic, minmay_pentomino_t4
D:2:      layout_basic, basic_altar, shapermc_ecumenical_altar_mp_urbaneastern,
          hex_tiny, minmay_misc_feat_plants, uniq_jessica, uniq_terence

Skill      XL: |  1 |
---------------+----+-----
Unarmed Combat | 3 |  3.9
Fighting       | |  2.1
Dodging        | |  2.4
Shapeshifting  | |  3.6

Action                     || total
---------------------------++-------
  Melee: Unarmed           ||    23
    Use: Potion            ||     2
 Armour: Animal skin       ||     2
  Dodge: Dodged            ||    10

Table legend: (Time is in decaauts)
 A = Elapsed time spent in this place.
 B = Non-inter-level travel time spent in this place.
 C = Inter-level travel time spent in this place.
 D = Time resting spent in this place.
 E = Time spent auto-exploring this place.
 F = Levels seen in this place.
 G = Mean time per level.
                   A        B        C        D        E       F      G
               +--------+--------+--------+--------+--------+-----+--------+
         Total |    184 |    184 |      0 |      0 |    125 |   2 |   92.0 |
       Dungeon |    184 |    184 |      0 |      0 |    125 |   2 |   92.0 |
               +--------+--------+--------+--------+--------+-----+--------+

Top non-repeatable levels by time:
     D:2: 132 daAuts
     D:1: 51 daAuts
